 Dungeon Crawl Stone Soup version 0.25-a0-713-g4845790874 (webtiles) character file.

Game seed: 17754768835657713054, levelgen mode: deterministic

21 Flugslaktarn the Shield-Bearer (level 2, -2/27 HPs)
             Began as a Minotaur Fighter on Apr 5, 2020.
             Slain by a gnoll
             ... wielding a +0 whip
              (6 damage)
             ... on level 2 of the Dungeon.
             The game lasted 00:00:15 (346 turns).

Flugslaktarn the Shield-Bearer (Minotaur Fighter)    Turns: 346, Time: 00:00:16

Health: -2/27      AC:  7    Str: 20    XL:     2   Next: 65%
Magic:  1/1        EV:  7    Int:  5    God:
Gold:   42         SH:  9    Dex:  9    Spells: 1/1 levels left

rFire    . . .     SeeInvis .   a - +0 war axe
rCold    . . .     Gourm    .   c - +0 kite shield
rNeg     . . .     Faith    .   b - +0 scale mail
rPois    .         Spirit   .   (helmet restricted)
rElec    .         Reflect  .   (no cloak)
rCorr    .         Harm     .   (no gloves)
MR       .....                  (no boots)
Stlth    ..........             (no amulet)
HPRegen  0.09/turn              (no ring)
MPRegen  0.07/turn              (no ring)

@: no status effects
A: retaliatory headbutt, horns 2
a: no special abilities


You were on level 2 of the Dungeon.
You were not hungry.

You visited 1 branch of the dungeon, and saw 2 of its levels.

You collected 42 gold pieces.

Inventory:

Hand Weapons
 a - a +0 war axe (weapon)
Armour
 b - a +0 scale mail (worn)
 c - a +0 kite shield (worn)
Scrolls
 g - a scroll of identify {unknown}
 h - a scroll of random uselessness {unknown}
Potions
 d - a potion of might
Comestibles
 e - 2 rations
 f - 3 chunks of flesh


   Skills:
 + Level 3.9 Fighting
 * Level 3.1 Axes
 + Level 3.9 Armour
 + Level 3.9 Shields


You had one spell level left.
You didn't know any spells.
Your spell library was empty.

Dungeon Overview and Level Annotations

Branches:
Dungeon (2/15)

Altars:


Innate Abilities, Weirdness & Mutations

You reflexively headbutt those who attack you in melee.
You have a pair of horns on your head.


Message History

A gnoll comes into view. It is wielding a +0 spear.
The bat barely misses you. The bat barely misses you. You furiously retaliate!
You headbutt the bat.
You kill the bat!
A rat comes into view.
The gnoll shouts!
You block the gnoll's attack. You block the gnoll's attack. x2
You hit the gnoll but do no damage. You headbutt the gnoll.
The gnoll is lightly wounded.
You hit the gnoll. You closely miss the gnoll.
The gnoll hits you with a +0 spear! The gnoll hits you with a +0 club.
The gnoll hits you with a +0 whip! The gnoll barely misses you.
You closely miss the gnoll.
The gnoll is heavily wounded.
Your shield prevents you from hitting the gnoll.
You barely miss the gnoll. The gnoll hits you with a +0 club.
* * * LOW HITPOINT WARNING * * *
The gnoll hits you with a +0 whip.
You die...

.#.....#.... .....
?....... ... ....
###....>.> . #... ##..
#....# ####..g##..##
....#
....r.......###.#.#
.............##.#.#
......ggg..!.††...######
.......@......#.........
.......†........#.......
..............######....
..............# #.....
..............# #.....
.............## #.....
.....##.....## ##....
##### ####### .....


You could see 4 gnolls and a rat.

Vanquished Creatures
  A dart slug (D:1)
  A leopard gecko (D:1)
  3 bats
  3 giant cockroaches
  4 hobgoblins (D:1)
  3 frilled lizards
  2 rats (D:1)
17 creatures vanquished.

Notes
Turn   | Place    | Note
-------+----------+-------------------------------------------
     0 | D:1      | Flugslaktarn the Minotaur Fighter began the quest for the
                  | Orb.
     0 | D:1      | Reached XP level 1. HP: 19/19 MP: 0/0
   109 | D:1      | Reached XP level 2. HP: 27/27 MP: 1/1
   346 | D:2      | Slain by a gnoll

Levels and vault maps discovered:
D:1:      saegor_arrival_simple_d, layout_basic
D:2:      layout_rooms, first_ration, hangedman_abyss_or_decor_lesser_grid,
          uniq_crazy_yiuf_cottage

Skill      XL: |  1  2 |
---------------+-------+-----
Axes           | 3 |  3.1
Fighting       | |  3.9
Armour         | |  3.9
Shields        | |  3.9

Action                   || total
-------------------------++-------
Melee: War axe           ||    43
       Headbutt          ||     7
Armor: Scale mail        ||    30
Dodge: Dodged            ||    19
Block: Kite shield       ||    32

Table legend:
 A = Non-vault XP
 B = Vault XP
 C = Vault XP percentage of total XP
 D = Non-vault monster count
 E = Vault monster count
 F = Vault count percentage of total count
                 A         B        C        D         E       F
            +---------+---------+-------+---------+---------+-------
      Total |      31 |       0 |   0.0 |      17 |       0 |   0.0
            +---------+---------+-------+---------+---------+-------
        D:1 |      26 |       0 |   0.0 |      14 |       0 |   0.0
        D:2 |       5 |       0 |   0.0 |       3 |       0 |   0.0
            +---------+---------+-------+---------+---------+-------
